 Dungeon Crawl Stone Soup version 0.31-a0-8-gd14b0f4ee2 (webtiles) character file.

Game seed: 9001934329610713657

15 Gargoyl the Trooper (level 2, -4/30 HPs)
             Began as a Gargoyle Berserker on May 7, 2023.
             Was a Follower of Trog.
             Slain by a cerulean imp
             ... wielding a +2 spear
             ... summoned by Natasha
              (6 damage)
             ... on level 2 of the Dungeon.
             The game lasted 00:01:19 (1248 turns).

Gargoyl the Trooper (Gargoyle Berserker)            Turns: 1248, Time: 00:01:19

Health: -4/30      AC:  8    Str: 20    XL:     2   Next: 50%
Magic:  2/2        EV:  8    Int:  7    God:    Trog [*.....]
Gold:   71         SH:  0    Dex:  9    Spells: 1/1 levels left

rFire   . . .        a - +0 hand axe
rCold   . . .        (no shield)
rNeg    + . .        h - +0 ring mail
rPois   ∞            (no helmet)
rElec   +            (no cloak)
rCorr   .            (no gloves)
SInv    .            (no boots)
Will    .....        (no amulet) Stlth
                     (no ring)
HPRegen 0.25/turn    (no ring)
MPRegen 0.08/turn

%: no passive effects
@: berserking, grasped by roots, constricted, very quick
A: sickness immunity, AC +2, negative energy resistance 1, electricity
resistance, torment resistance 1, petrification resistance
a: Renounce Religion, Berserk


You were on level 2 of the Dungeon.
You worshipped Trog.
Trog was aware of your devotion.
You visited 1 branch of the dungeon, and saw 2 of its levels.

You collected 71 gold pieces.

Inventory:

Hand Weapons
 a - a +0 hand axe (weapon)
Missiles
 g - 5 poisoned darts (quivered)
Armour
 h - a +0 ring mail (worn)
Scrolls
 b - a scroll of silence {unknown}
 c - a scroll of identify {unknown}
 d - a scroll of magic mapping {unknown}
 f - a scroll of fog {unknown}
Potions
 e - a potion of mutation {unknown}


   Skills:
 + Level 3.7 Fighting
 + Level 3.0 Axes
 + Level 2.2 Armour
 + Level 1.6 Dodging


You had one spell level left.
You didn't know any spells.
Your spell library was empty.

Dungeon Overview and Level Annotations

Branches:
Dungeon (2/15)

Altars:
Makhleb

Shops:
D:1 ?   D:2 !

Annotations:
D:2 Natasha


Innate Abilities, Weirdness & Mutations

You are immune to sickness and miasma.
Your stone body is resilient. (AC +2)
You are immune to poison.
You resist negative energy. (rN+)
You are resistant to electric shocks. (rElec)
You are resistant to unholy torment.
You are immune to petrification.


Message History

Found an escape hatch in the ceiling.
There is an open door here.
There is an open door here.
Found an escape hatch in the floor.
There is an escape hatch in the floor here.
Found a book of Frost.
Found a burning altar of Makhleb.
Natasha, Servant of Life and Death comes into view.
She is carrying a wand of roots (11).
Natasha hisses angrily.
Natasha is nearby!
Natasha is nearby!
Found an emerald potion.
Natasha mumbles some strange words.
Natasha shimmers violently.
Natasha drinks a potion.
Natasha seems to speed up.
Natasha zaps a wand.
The roots erupt in riotous growth!
The grasping roots grab you! The grasping roots constrict you. x2
The roots grasp on you weakens, but your attempt to escape fails.
The grasping roots constrict you. x2
You fail to use your ability.
Natasha extends her claws.
Natasha misses you. The grasping roots constrict you.
Natasha mumbles some strange words.
The grasping roots constrict you.
You miss Natasha. Natasha closely misses you. The grasping roots constrict you.
* * * LOW HITPOINT WARNING * * *
The cerulean imp barely misses you.
The grasping roots release their grip on you.
Unknown command.
Okay, then.
A red film seems to cover your vision as you go berserk!
You feel yourself moving faster!
You feel mighty! Natasha claws you.
* * * LOW HITPOINT WARNING * * *
Natasha zaps a wand.
The roots erupt in riotous growth!
The grasping roots grab you!
Natasha is unaffected.
The grasping roots constrict you.
* * * LOW HITPOINT WARNING * * *
The cerulean imp hits you from afar with a +2 spear.
You die...

#.#.#.........#.
#...
#.#.............
#...
#.###..##...#.#.
#... #.#
#..##...#.#. #...
#.###..##...#.#.
#... #.......:...#
#..!##..##..###..#
####.......#####
### ......h@...#
#....5.....#
#......##..#
#.._... ##.#
#...... #.#
#...... .# ##.....
.# ####..


You could see Natasha (fast) and a cerulean imp (summoned).

Vanquished Creatures
  A dart slug (D:1)
  A bat (D:1)
  A giant cockroach (D:1)
  3 goblins
  A hobgoblin (D:1)
  A quokka (D:1)
  2 ball pythons (D:2)
  A frilled lizard (D:1)
  A rat (D:1)
12 creatures vanquished.

Notes
Turn   | Place    | Note
-------+----------+-------------------------------------------
     0 | D:1      | Gargoyl the Gargoyle Berserker began the quest for the Orb.
     0 | D:1      | Reached XP level 1. HP: 14/14 MP: 1/1
   107 | D:1      | Found Siarianust's Magic Scroll Shoppe.
   476 | D:1      | Reached XP level 2. HP: 9/20 MP: 2/2
  1124 | D:2      | Found Qaosuthro's Distillery.
  1238 | D:2      | Found a burning altar of Makhleb.
  1242 | D:2      | Noticed Natasha
  1248 | D:2      | Slain by a cerulean imp

Illustrated notes

Levels and vault maps discovered:
D:1:      minmay_arrival_nine_rooms, layout_basic, serial_shops, shop
D:2:      layout_basic, basic_altar, serial_shops,
          nicolae_shop_temple_entry_statues_fountains, grunt_ministairs_8,
          uniq_crazy_yiuf_cottage, uniq_natasha, uniq_terence

Skill      XL: |  1  2 |
---------------+-------+-----
Axes           | 3 |  3.0
Fighting       | |  3.7
Armour         | |  2.2
Dodging        | |  1.6

Action                     || total
---------------------------++-------
  Melee: Hand axe          ||    43
 Invoke: Berserk           ||     1
 Armour: Animal skin       ||    12
         Ring mail         ||     6
  Dodge: Dodged            ||    27

Table legend: (Time is in decaauts)
 A = Elapsed time spent in this place.
 B = Non-inter-level travel time spent in this place.
 C = Inter-level travel time spent in this place.
 D = Time resting spent in this place.
 E = Time spent auto-exploring this place.
 F = Levels seen in this place.
 G = Mean time per level.
                   A        B        C        D        E       F      G
               +--------+--------+--------+--------+--------+-----+--------+
         Total |   1255 |   1121 |    134 |      0 |    954 |   2 |  627.5 |
       Dungeon |   1255 |   1121 |    134 |      0 |    954 |   2 |  627.5 |
               +--------+--------+--------+--------+--------+-----+--------+

Top non-repeatable levels by time:
     D:1: 1074 daAuts
     D:2: 180 daAuts
